 Dungeon Crawl Stone Soup version 0.16.1-30-g34a7ffa (webtiles) character file.

149 Jb9000 the Shield-Bearer (level 5, -15/41 HPs)
             Began as a Vampire Fighter on June 20, 2015.
             Killed from afar by an orc (49 damage)
             ... with an exploding inner flame
             ... hexed by the player character
             ... on level 3 of the Dungeon.
             The game lasted 00:11:30 (2726 turns).

Jb9000 the Shield-Bearer (Vampire Fighter)          Turns: 2726, Time: 00:11:30

Health: -15/41     AC:  0    Str: 15    XL:     5   Next: 9%
Magic:  5/5        EV: 10    Int: 12    God:
Gold:   85         SH:  9    Dex: 14    Spells: 0 memorised, 4 levels left

rFire  . . .     SeeInvis +     j - +1 dagger (venom)
rCold  . . .     Clarity  .     (no armour)
rNeg   + . .     SustAb   .     c - +0 shield
rPois  .         Gourm    .     (helmet restricted)
rElec  .         Spirit   .     (no cloak)
rCorr  .         Warding  .     (no gloves)
rMut   .         Stasis   .     (no boots)
MR     .....                    (no amulet)
Stlth  ++........               (no ring)
                                i - ring of invisibility

@: lethally poisoned (-15 -> -16), about to teleport, very slightly
contaminated, not resistant to hostile enchantments, unstealthy
A: bottle blood, fangs 3, horns 1, see invisible, clever 1, deterioration 1,
unbreathing
a: Bat Form, Evoke Invisibility


You were on level 3 of the Dungeon.
You were not thirsty.

You visited 1 branch of the dungeon, and saw 3 of its levels.

You collected 85 gold pieces.

Inventory:

Hand weapons
 a - a +0 long sword
 j - a +1 dagger of venom (weapon)
Missiles
 t - 10 poisoned sling bullets (quivered)
Armour
 b - a +0 scale mail
 c - a +0 shield (worn)
Jewellery
 i - a ring of invisibility (left hand)
 r - an uncursed amulet of faith
Scrolls
 g - 4 scrolls of identify
 n - a scroll of recharging
Potions
 d - 7 potions of blood
 e - 3 potions of might
 h - a potion of poison {unknown}
 k - a potion of curing
 s - a potion of haste {unknown}


   Skills:
 + Level 3.2 Fighting
 + Level 0.4(1.9) Short Blades
 + Level 2.6(2.7) Long Blades
 + Level 3.0 Armour
 + Level 2.1 Dodging
 + Level 1.4 Stealth
 + Level 3.3 Shields


You had 4 spell levels left.
You didn't know any spells.

Dungeon Overview and Level Annotations

Branches:
Dungeon (3/15)

Altars:

Annotations:
D:3 EmilioHeskey's ghost, average OgBe


Innate Abilities, Weirdness & Mutations

You can bottle blood from corpses.
You have razor-sharp teeth.
You have supernaturally acute eyesight.
You can survive without breathing.
You have a pair of small horns on your head.
Your mind is acute. (Int +2)
Your body is slowly deteriorating.


Message History

The adder bites you.
You bump into the rock wall.
You feel less invigorated.
You feel less confused. You block the adder's attack.
You hit the adder.
The adder is poisoned.
Your headbutt misses the adder.
The adder is almost dead.
You block the adder's attack. You block the orc's attack. The adder bites you.
You are poisoned.
The adder poisons you!
Read which item? (? for menu, Esc to quit)
As you read the scroll of teleportation, it crumbles to dust.
You feel strangely unstable.
You feel sick.
The adder explodes!
The fiery explosion engulfs the orc.
The orc explodes!
The fiery explosion engulfs EmilioHeskey's ghost.
EmilioHeskey's ghost is heavily damaged.
The fiery explosion engulfs you!
Ouch! That really hurt!
You die...

.......## #.# #.###.# ###.....##
###.# #.##..# ##.......## ##.#.#
#.##..##
#.[.......####....#######......##
'....).÷..K..r...................
#.........#.##K..###########...##
##†.....(##[###§W# #..##
##....W###.#.§§§# #.## ##.r.##
#.#.##@# #.# ##K## #......# #.#
#.#####.#..### ##.## #K..K......*
#.#.# ****#.8r....8.,* ##.##
,,,,..........,* #.#
,,*.......>..,,* #.# ##
,,##.........,,* #.# #.
,,*#........,,,* #.###.


You could see EmilioHeskey's ghost (inner flame), a kobold and a rat (inner
flame).

Vanquished Creatures
  2 worker ants (D:3)
  6 adders
  A giant mite (D:3)
  3 giant geckos (D:2)
  An ooze (D:1)
  4 giant cockroaches
  3 goblins
  A hobgoblin (D:1)
  7 kobolds
  2 quokkas
  A ball python (D:1)
  4 bats (D:1)
  5 giant newts
  7 rats
47 creatures vanquished.

Notes
Turn   | Place    | Note
--------------------------------------------------------------
     0 | D:1      | Jb9000, the Vampire Fighter, began the quest for the Orb.
     0 | D:1      | Reached XP level 1. HP: 17/17 MP: 1/1
   324 | D:1      | Reached XP level 2. HP: 16/23 MP: 2/2
   984 | D:2      | Reached skill level 3 in Shields
  1249 | D:2      | Reached XP level 3. HP: 20/28 MP: 3/3
  1784 | D:2      | Reached skill level 1 in Dodging
  1880 | D:2      | Reached XP level 4. HP: 15/35 MP: 4/4
  2653 | D:3      | Reached skill level 1 in Stealth
  2679 | D:3      | Reached XP level 5. HP: 35/41 MP: 5/5
  2697 | D:3      | Noticed EmilioHeskey's ghost (average OgBe)
  2717 | D:3      | Gained mutation: Your body is slowly deteriorating. [potion of mutation]
  2717 | D:3      | Gained mutation: You have a pair of small horns on your head. [potion of mutation]
  2717 | D:3      | Gained mutation: Your mind is acute. (Int +2) [potion of mutation]
  2726 | D:3      | Killed from afar by an orc

Action                   |  1- 3 |  4- 6 || total
-------------------------+-------+-------++-------
Melee: Long sword        |    32 |       ||    32
       Dagger            |    75 |    51 ||   126
 Abil: End Transformatio |     1 |       ||     1
       Bat Form          |     1 |       ||     1
       Evoke Invisibilit |       |     2 ||     2
  Use: Scroll            |     5 |     6 ||    11
       Potion            |     2 |    10 ||    12
 Stab: Sleeping          |       |     3 ||     3
       Invisible         |       |     1 ||     1
